 Dungeon Crawl Stone Soup version 0.29.1-14-g9c671dbff4 (webtiles) character file.

Game seed: 6838257790646367474

3720 Sanktem7 the Fighter (level 9, -1/90 HPs)
             Began as a Minotaur Fighter on Feb 18, 2023.
             Was a Priest of Okawaru.
             Slain by a skeletal warrior
             ... wielding a +0 battleaxe
              (26 damage)
             ... on level 8 of the Dungeon.
             The game lasted 00:15:37 (6776 turns).

Sanktem7 the Fighter (Minotaur Fighter)             Turns: 6776, Time: 00:15:37

Health: -1/90      AC: 10    Str: 18 (21) XL:     9   Next: 92%
Magic:  8/8        EV: 18    Int:  6 (9)  God:    Okawaru [***...]
Gold:   118        SH:  4    Dex:  8 (10) Spells: 8/8 levels left

rFire   . . .      SeeInvis .   a - +0 war axe {axe}
rCold   . . .      Faith    .   c - +0 buckler
rNeg    . . .      Spirit   .   J - +2 swamp dragon scales
rPois   +          Reflect  .   (helmet restricted)
rElec   .          Harm     .   (no cloak)
rCorr   .          Rampage  .   (no gloves)
Will    .....      Rnd*Tele +   (no boots)
Stlth   ..........              (no amulet)
HPRegen 0.25/turn               g - +4 ring of evasion
MPRegen 0.11/turn               k - +4 ring of evasion

@: no status effects
A: horns 2, retaliatory headbutt, clever 1, teleportitis 1, weak 1, noise
suppression
a: Renounce Religion, Heroism


You were on level 8 of the Dungeon.
You worshipped Okawaru.
Okawaru was most pleased with you.
You visited 2 branches of the dungeon, and saw 9 of its levels.

You collected 285 gold pieces.
You spent 167 gold pieces at shops.


Innate Abilities, Weirdness & Mutations

You have a pair of horns on your head.
You reflexively headbutt those who attack you in melee.
Your mind is acute. (Int +4, Str/Dex -1)
You are occasionally teleported next to monsters.
You are weak. (Str -2)
You passively dampen the noise of your surroundings.


   Skills:
 * Level 12.0 Fighting
 * Level 11.8 Axes
 - Level 6.0 Armour
 - Level 3.6 Shields


You had 8 spell levels left.
You didn't know any spells.
Your spell library contained the following spells:

 Spells                   Type           Power      Damage    Failure   Level
 Beastly Appendage        Tmut           0%         N/A       73%         1
 Necrotise                Necr           0%         1d4       73%         1
 Wereblood                Tmut           0%         N/A       86%         2
 Ozocubu's Armour         Ice            0%         N/A       97%         3
 Spider Form              Tmut/Pois      0%         N/A       97%         3
 Vampiric Draining        Necr           0%         2d6       97%         3
 Agony                    Necr           0%         N/A       100%        5
 Ozocubu's Refrigeration  Ice            0%         4d7       100%        7

Inventory:

Hand Weapons
 a - a +0 war axe (weapon) {axe}
 o - a +0 hand crossbow {crossbow}
   (You bought it in a shop on level 7 of the Dungeon)
 E - a +2 vorpal flail {mace}
   (You took it off Edmund on level 6 of the Dungeon)
Missiles
 e - 14 stones {throwing}
 l - 19 boomerangs (quivered) {throwing}
 q - 17 poisoned darts {throwing}
 r - an atropa-tipped dart {throwing}
 v - 6 curare-tipped darts {=fthrowing}
Armour
 b - a +0 scale mail
 c - a +0 buckler (worn)
 y - a scarf of shadows
   (You found it on level 7 of the Dungeon)
 J - +2 swamp dragon scales (worn)
   (You took it off Maggie on level 7 of the Dungeon)
Jewellery
 g - a +4 ring of evasion (left hand)
   (You found it on level 1 of the Dungeon)
 k - a +4 ring of evasion (right hand)
   (You found it on level 1 of the Dungeon)
Wands
 n - a wand of roots (10)
   (You took it off Sigmund on level 2 of the Dungeon)
 w - a wand of light (6)
   (You found it on level 4 of the Dungeon)
Scrolls
 m - 7 scrolls of teleportation {@r4}
 p - a scroll of amnesia
 s - 2 scrolls of blinking {!r}
Potions
 d - 2 potions of might
 i - 6 potions of curing {@q1}
 A - 2 potions of flight
 F - 2 potions of heal wounds {@q2}

Dungeon Overview and Level Annotations

Branches:
Dungeon (8/15) Zot: 26792  Temple (1/1) D:5 Zot: 5875
   Lair: D:8-11

Altars:
Ashenzari
Cheibriados
Dithmenos
Elyvilon
Fedhas
Gozag
Hepliaklqana
Kikubaaqudgha
Makhleb
Nemelex Xobeh
Okawaru
Ru
Sif Muna
Trog
Uskayaw
Vehumet
Wu Jian
Xom
Zin
The Shining One

Shops:
D:2 !(!:=   D:6 ?   D:7 (

Annotations:
D:3 2 transporters

#.#.#
#.##.#.#.).###.####
#.#.#
#[##.#.#...........
#.#.#
#.##.#.#.......###
#.#.#
.##.#.#.......#
#.#.# ...........#
#.#
##.##......##.<#
#.#
........!......#
#.#
###.##......###.# #
##@###.# ......zK#
.# #.###..## ##
..#. #.### #.# #[#
.#


You could see a skeletal warrior and a kobold brigand.


Message History

You headbutt the skeletal warrior, but do no damage.
You barely miss the skeletal warrior.
The skeletal warrior hits you with a +0 battleaxe!! 😕 HP[-21]
You take 21 damage, and now have 69/90 hp.
MASSIVE DAMAGE!! (PAUSE)
You closely miss the skeletal warrior.
You headbutt the skeletal warrior, but do no damage.
The skeletal warrior closely misses you.
You barely miss the skeletal warrior. The skeletal warrior misses you.
You closely miss the skeletal warrior.
Your headbutt misses the skeletal warrior.
The skeletal warrior closely misses you.
You furiously retaliate!
You headbutt the skeletal warrior, but do no damage. 😕 HP[+1]
You hit the skeletal warrior but do no damage.
You slash the ice beast!
The skeletal warrior hits you with a +0 battleaxe.
The ice beast hits you but does no damage. 😮 HP[-6]
You take 6 damage, and now have 64/90 hp.
You slash the skeletal warrior! You headbutt the skeletal warrior!
You barely miss the ice beast. The skeletal warrior misses you.
The ice beast barely misses you.
You closely miss the skeletal warrior. You hit the ice beast.
The skeletal warrior misses you. You furiously retaliate!
You headbutt the skeletal warrior, but do no damage.
The ice beast closely misses you.
You hit the skeletal warrior but do no damage.
You closely miss the ice beast. 😮 HP[+1]
You hit the skeletal warrior but do no damage.
You hit the ice beast.
The skeletal warrior completely misses you.
You furiously retaliate!
You headbutt the skeletal warrior.
The ice beast hits you but does no damage.
You slash the skeletal warrior! You headbutt the skeletal warrior!
You barely miss the ice beast.
The skeletal warrior closely misses you.
You furiously retaliate!
You headbutt the skeletal warrior! The ice beast barely misses you.
You barely miss the skeletal warrior. You hit the ice beast but do no damage.
The skeletal warrior hits you with a +0 battleaxe.
The ice beast closely misses you. 😮 HP[-2]
You take 2 damage, and now have 63/90 hp.
You slash the skeletal warrior!
Your headbutt misses the skeletal warrior.
You closely miss the ice beast. The skeletal warrior barely misses you.
The ice beast closely misses you. 😮 HP[+1]
You closely miss the skeletal warrior. You hit the ice beast.
You block the skeletal warrior's attack.
The ice beast misses you.
You hit the skeletal warrior but do no damage.
Your headbutt misses the skeletal warrior.
You barely miss the ice beast.
The skeletal warrior hits you with a +0 battleaxe.
You block the ice beast's attack. 😮 HP[-1]
You take 1 damage, and now have 63/90 hp.
You hit the skeletal warrior. You closely miss the ice beast.
The skeletal warrior barely misses you. The ice beast completely misses you.
You furiously retaliate!
You headbutt the ice beast!
You kill the ice beast!
Okawaru accepts your kill.
The kobold brigand throws a curare-tipped dart.
The curare-tipped dart closely misses you.
You hit the skeletal warrior but do no damage.
The skeletal warrior barely misses you. 😮 HP[+1]
You hit the skeletal warrior but do no damage.
You hit the kobold brigand. The kobold brigand closely misses you.
The skeletal warrior hits you with a +0 battleaxe. 😮 HP[-6]
You take 6 damage, and now have 58/90 hp.
You hit the skeletal warrior but do no damage.
You headbutt the skeletal warrior, but do no damage.
You closely miss the kobold brigand. The kobold brigand misses you.
You furiously retaliate!
You headbutt the kobold brigand.
The skeletal warrior hits you but does no damage.
You hit the skeletal warrior but do no damage.
You hit the kobold brigand but do no damage.
You block the kobold brigand's attack.
The skeletal warrior hits you with a +0 battleaxe!!
* * * LOW HITPOINT WARNING * * *
😨 HP[-34]
You take 34 damage, and now have 24/90 hp.
MASSIVE DAMAGE!! (PAUSE)
You hit the skeletal warrior but do no damage.
You hit the kobold brigand. You block the kobold brigand's attack.
The skeletal warrior completely misses you.
You furiously retaliate!
You headbutt the skeletal warrior, but do no damage. 😨 HP[+1]
You barely miss the skeletal warrior. You hit the kobold brigand.
You block the kobold brigand's attack.
The skeletal warrior hits you with a +0 battleaxe!!
You die...

Skill      XL: |  1  2  3  4  5  6  7  8  9 |
---------------+----------------------------+-----
Fighting       | 4 5 6 7 10 12 | 12.0
Axes           | 3 4 5 6 7 9 11 | 11.8
Armour         | 4 5 6 |  6.0
Shields        | |  3.6

Action                   |  1- 3 |  4- 6 |  7- 9 || total
-------------------------+-------+-------+-------++-------
Melee: War axe           |    46 |    97 |   295 ||   438
       Headbutt          |     6 |    16 |    53 ||    75
  Use: Potion            |       |       |     9 ||     9
       Scroll            |       |       |     8 ||     8
Armor: Scale mail        |    18 |    27 |    80 ||   125
       Swamp dragon scal |       |       |     5 ||     5
Dodge: Dodged            |    29 |    87 |   262 ||   378
Block: Buckler           |    11 |    22 |    78 ||   111

Levels and vault maps discovered:
D:1:      dpeg_arrival_windows_large_door, layout_rooms, serial_shops,
          nicolae_shop_hallway_plus, minivault_27
D:2:      layout_basic, serial_shops, nicolae_shop_behind_doors, shop, shop,
          nicolae_shop_bloodbath_and_beyond, shop, uniq_sigmund
D:3:      gammafunk_wand_slinger, layout_rooms, makhleb_altar_promises_db,
          minmay_lizard_king
D:4:      layout_gridville, overflow_temple_1_default, serial_demonic,
          serial_demonic_c, serial_demonic_e, serial_demonic_g,
          serial_demonic_f, minmay_statues_item, kennysheep_generic_room_13,
          uniq_natasha, uniq_eustachio
D:5:      layout_rooms, mainiacjoe_overflow_brackets, nicolae_overflow_squiral,
          led_sif_book, temple_doors_e, eino_curves_04
D:6:      layout_rooms, serial_shops, kennysheep_mini_moat, uniq_prince_ribbit1,
          uniq_grinder, uniq_edmund, uniq_duvessa
D:7:      layout_gridville, minmay_misc_feat_diagonals,
          nicolae_shop_firing_range, uniq_maggie
D:8:      layout_basic, minmay_manual_mail
Temple:   zaba_magenta_temple

Notes
Turn   | Place    | Note
-------+----------+-------------------------------------------
     0 | D:1      | Sanktem7 the Minotaur Fighter began the quest for the Orb.
     0 | D:1      | Reached XP level 1. HP: 19/19 MP: 0/0
     0 | D:1      | magus.rc [v1.9.6]
    26 | D:1      | You add the spells Ozocubu's Armour and Ozocubu's
                  | Refrigeration to your library.
   267 | D:1      | Reached XP level 2. HP: 20/27 MP: 1/1
   268 | D:1      | Reached skill level 4 in Fighting
   374 | D:1      | Reached skill level 3 in Axes
   498 | D:1      | You fall into a shaft and drop 1 floor!
   568 | D:2      | Reached XP level 3. HP: 33/33 MP: 2/2
   611 | D:2      | Found Ycvarybb's Distillery.
   614 | D:2      | Bought a potion of curing for 30 gold pieces
   619 | D:2      | You pick up a book of Changes and begin reading...
   619 | D:2      | You add the spells Beastly Appendage, Wereblood and Spider
                  | Form to your library.
   651 | D:2      | Reached skill level 4 in Armour
   663 | D:2      | Found Foasi's Weapon Shop.
   683 | D:2      | Noticed Sigmund
   696 | D:2      | Killed Sigmund
   697 | D:2      | Reached skill level 5 in Fighting
   697 | D:2      | Reached skill level 4 in Axes
   697 | D:2      | Reached XP level 4. HP: 30/42 MP: 3/3
   697 | D:2      | Reached XP level 5. HP: 34/48 MP: 4/4
   799 | D:2      | Found Lauf's Jewellery Boutique.
   812 | D:2      | Found Riuc's Book Shop.
   861 | D:2      | Found Pooz's Distillery.
  1116 | D:3      | Found a burning altar of Makhleb.
  1116 | D:3      | Noticed a balrug
  1119 | D:3      | Noticed a neqoxec
  1119 | D:3      | Noticed a ynoxinul
  1125 | D:3      | Found a transporter.
  1234 | D:3      | Identified the +3 long sword of Dishonesty {antimagic,
                  | Int+3}
  1342 | D:3      | Reached skill level 5 in Axes
  1471 | D:3      | Found a transporter.
  1630 | D:4      | Reached XP level 6. HP: 55/57 MP: 5/5
  1669 | D:4      | Reached skill level 6 in Fighting
  1754 | D:4      | Noticed Eustachio
  1767 | D:4      | Killed Eustachio
  1768 | D:4      | Reached skill level 5 in Armour
  1856 | D:4      | Reached skill level 6 in Axes
  1965 | D:4      | Found a sparkling altar of Nemelex Xobeh.
  2025 | D:4      | Reached XP level 7. HP: 50/64 MP: 6/6
  2160 | D:4      | Noticed Natasha
  2167 | D:4      | Killed Natasha
  2170 | D:4      | Reached skill level 7 in Fighting
  2510 | D:5      | Entered Level 5 of the Dungeon
  2537 | D:5      | Reached skill level 7 in Axes
  2544 | D:5      | Found a sacrificial altar of Ru.
  2544 | D:5      | Found a shimmering altar of Xom.
  2601 | D:5      | Reached skill level 6 in Armour
  2739 | D:5      | Reached XP level 8. HP: 74/74 MP: 7/7
  2755 | D:5      | Reached skill level 8 in Fighting
  2787 | D:5      | Found an ornate altar of the Wu Jian Council.
  2892 | D:5      | Found a staircase to the Ecumenical Temple.
  2902 | Temple   | Entered the Ecumenical Temple
  3009 | Temple   | Became a worshipper of Warmaster Okawaru
  3051 | D:5      | Found a shimmering blue altar of Sif Muna.
  3253 | D:5      | Identified the ring of Cuedet {rN+ Int+3}
  3452 | D:6      | Noticed Duvessa
  3452 | D:6      | Noticed Dowan
  3454 | D:6      | Reached skill level 8 in Axes
  3460 | D:6      | Killed Duvessa
  3477 | D:6      | Killed Dowan
  3725 | D:6      | Reached skill level 9 in Fighting
  3760 | D:6      | Noticed Edmund
  3773 | D:6      | Killed Edmund
  3773 | D:6      | Reached * piety under Okawaru
  3774 | D:6      | Reached skill level 9 in Axes
  3878 | D:6      | Noticed Grinder
  3880 | D:6      | Paralysed by Grinder for 2 turns
  3904 | D:6      | Paralysed by Grinder for 4 turns
  3913 | D:6      | Paralysed by Grinder for 3 turns
  3920 | D:6      | Paralysed by Grinder for 3 turns
  3923 | D:6      | Killed Grinder
  3924 | D:6      | Reached skill level 10 in Fighting
  3989 | D:6      | Reached XP level 9. HP: 47/85 MP: 8/8
  4051 | D:6      | Found Xaaxti's Magic Scroll Boutique.
  4171 | D:6      | Bought a scroll of teleportation for 36 gold pieces
  4171 | D:6      | Bought a scroll of identify for 24 gold pieces
  4487 | D:6      | Noticed Prince Ribbit
  4516 | D:6      | Killed Prince Ribbit
  4517 | D:6      | Reached skill level 10 in Axes
  4751 | D:6      | Gained mutation: You are weak. (Str -2) [potion of
                  | mutation]
  4751 | D:6      | Gained mutation: Armour fits poorly on your strangely
                  | shaped body. [potion of mutation]
  4751 | D:6      | Gained mutation: Your system is resistant to poisons.
                  | (rPois) [potion of mutation]
  4752 | D:6      | Lost mutation: Your system is resistant to poisons. (rPois)
                  | [potion of mutation]
  4752 | D:6      | Lost mutation: You are weak. (Str -2) [potion of mutation]
  4752 | D:6      | Lost mutation: Armour fits poorly on your strangely shaped
                  | body. [potion of mutation]
  4752 | D:6      | Gained mutation: You are occasionally teleported next to
                  | monsters. [potion of mutation]
  4752 | D:6      | Gained mutation: You are weak. (Str -2) [potion of
                  | mutation]
  4752 | D:6      | Gained mutation: Your mind is acute. (Int +4, Str/Dex -1)
                  | [potion of mutation]
  4752 | D:6      | Gained mutation: You passively dampen the noise of your
                  | surroundings. [potion of mutation]
  4809 | D:7      | Found Maini's Firing Range.
  4820 | D:7      | Bought 5 boomerangs for 32 gold pieces
  4822 | D:7      | Bought a +0 hand crossbow for 45 gold pieces
  5215 | D:7      | Reached ** piety under Okawaru
  5223 | D:7      | Reached skill level 11 in Fighting
  5537 | D:7      | Reached skill level 11 in Axes
  5738 | D:7      | HP: 17/87 [wight/+0 halberd (6)]
  6036 | D:7      | You pick up a book of Necromancy and begin reading...
  6036 | D:7      | You add the spells Necrotise, Vampiric Draining and Agony
                  | to your library.
  6057 | D:7      | Noticed Maggie
  6067 | D:7      | Killed Maggie
  6067 | D:7      | Reached *** piety under Okawaru
  6596 | D:8      | Reached skill level 12 in Fighting
  6751 | D:8      | Noticed a skeletal warrior
  6776 | D:8      | Slain by a skeletal warrior

Vanquished Creatures
  Maggie (D:7)
  Grinder (D:6)
  Prince Ribbit (D:6)
  Sigmund (D:2)
  Eustachio (D:4)
  Edmund (D:6)
  Duvessa (D:6)
  A water moccasin (D:6)
  2 orc warriors
  3 ice beasts
  A black bear (D:5)
  A sky beast (D:6)
  A centaur (D:5)
  A phantom (D:5)
  A kobold brigand (D:7)
  2 bullfrogs (D:7)
  A necrophage (D:7)
  2 scorpions
  3 wights (D:7)
  Dowan (D:6)
  3 howler monkeys
  4 jellies
  2 quasits (D:4)
  5 orc priests
  2 hounds
  2 gnoll boudas
  An iguana (D:6)
  Natasha (D:4)
  4 orc wizards (D:6)
  14 gnolls
  5 adders
  2 shadow imps
  4 white imps
  An ufetubus (D:7)
  2 worms
  25 orcs
  7 ball pythons
  3 endoplasms
  2 giant cockroaches (D:1)
  6 goblins
  4 hobgoblins
  10 jackals
  3 quokkas
  3 training dummies (D:7)
  3 bats (D:3)
  15 frilled lizards
  9 kobolds
  3 rats
172 creatures vanquished.

Vanquished Creatures (others)
  2 demonic plants (D:4)
  5 plants (D:3)
7 creatures vanquished.

Grand Total: 179 creatures vanquished

Table legend:
 A = Non-vault XP
 B = Vault XP
 C = Vault XP percentage of total XP
 D = Non-vault monster count
 E = Vault monster count
 F = Vault count percentage of total count
                 A         B        C        D         E       F
            +---------+---------+-------+---------+---------+-------
      Total |    3249 |    2066 |  38.9 |     140 |      32 |  18.6
            +---------+---------+-------+---------+---------+-------
        D:1 |      25 |       0 |   0.0 |      14 |       0 |   0.0
        D:2 |      21 |     243 |  92.0 |       6 |       1 |  14.3
        D:3 |      34 |      12 |  26.1 |      17 |      12 |  41.4
        D:4 |     298 |     355 |  54.4 |      25 |       9 |  26.5
        D:5 |     561 |       0 |   0.0 |      19 |       0 |   0.0
        D:6 |     846 |     942 |  52.7 |      23 |       5 |  17.9
        D:7 |    1155 |     382 |  24.9 |      31 |       4 |  11.4
        D:8 |     309 |     132 |  29.9 |       5 |       1 |  16.7
            +---------+---------+-------+---------+---------+-------

Illustrated notes

Table legend:
 A = Kills in this place as a percentage of kills in entire the game.
 B = Kills by you in this place as a percentage of kills by you in the entire game.
 C = Kills by friends in this place as a percentage of kills by friends in the entire game.
 D = Other kills in this place as a percentage of other kills in the entire game.
 E = Experience gained in this place as a percentage of experience gained in the entire game.
 F = Experience gained in this place divided by the number of levels of this place that you have seen.
                   A       B       C       D       E      F
               +-------+-------+-------+-------+-------+----------------------
         Total | 100.0 | 100.0 |   N/A |   N/A | 100.0 | 590.6
       Dungeon | 100.0 | 100.0 |   N/A |   N/A | 100.0 | 664.4
               +-------+-------+-------+-------+-------+----------------------

Table legend: (Time is in decaauts)
 A = Elapsed time spent in this place.
 B = Non-inter-level travel time spent in this place.
 C = Inter-level travel time spent in this place.
 D = Time resting spent in this place.
 E = Time spent auto-exploring this place.
 F = Levels seen in this place.
 G = Mean time per level.
                   A        B        C        D        E       F      G
               +--------+--------+--------+--------+--------+-----+--------+
         Total |   6853 |   6618 |    235 |    104 |   5367 |   9 |  761.4 |
       Dungeon |   6728 |   6493 |    235 |    104 |   5304 |   8 |  841.0 |
        Temple |    124 |    124 |      0 |      0 |     63 |   1 |  124.0 |
               +--------+--------+--------+--------+--------+-----+--------+

Top non-repeatable levels by time:
     D:7: 1814 daAuts
     D:6: 1428 daAuts
     D:4: 959 daAuts
     D:5: 718 daAuts
     D:2: 591 daAuts
     D:1: 508 daAuts
     D:3: 501 daAuts
     D:8: 206 daAuts
  Temple: 124 daAuts
